 Dungeon Crawl Stone Soup version 0.30-a0-374-g95c0257040 (webtiles) character file.

Game seed: 12865540635258148408

21931 Bnni the Severer (level 12, 0/113 HPs)
             Began as a Hill Orc Monk on Nov 25, 2022.
             Was a High Priest of the Shining One.
             Slain by a reaper
             ... wielding a +2 scythe of freezing
              (30 damage)
             ... in an ice cave.
             The game lasted 00:28:09 (15823 turns).

Bnni the Severer (Hill Orc Monk)                   Turns: 15823, Time: 00:28:09

Health: 0/113      AC: 27    Str: 19    XL:     12   Next: 95%
Magic:  19/20      EV: 10    Int: 10    God:    the Shining One [*****.]
Gold:   573        SH: 23    Dex: 16    Spells: 11/11 levels left

rFire   . . .      SeeInvis .    J - +2 broad axe (vorpal)
rCold   + . .      Faith    +    Q - +1 kite shield {rC+}
rNeg    + + .      Spirit   .    K - +4 ring mail {rPois}
rPois   +          Reflect  .    q - +2 hat
rElec   .          Harm     .    A - +0 cloak
rCorr   .          Rampage  +    h - +2 pair of gloves {Dex+3}
Will    .....                    L - +2 pair of boots {rampage}
Stlth   +.........               H - amulet of faith
HPRegen 0.38/turn                N - +4 ring of protection
MPRegen 0.17/turn                v - +4 ring of protection

@: divinely shielded, glowing
A: no striking features
a: Renounce Religion, Divine Shield, Cleansing Flame, Summon Divine Warrior


You were in an ice cave.
You worshipped the Shining One.
The Shining One was extremely pleased with you.
You visited 2 branches of the dungeon, and saw 12 of its levels.
You also visited: Sewer, Bailey and Ice Cave.

You collected 718 gold pieces.
You spent 145 gold pieces at shops.

Inventory:

Hand Weapons
 d - a +2 vorpal trident
 J - a +2 vorpal broad axe (weapon)
Missiles
 c - a throwing net
 j - 35 poisoned darts (quivered)
 G - 2 curare-tipped darts
 O - 7 javelins
Armour
 h - a +2 pair of gloves of dexterity (worn)
 q - a +2 hat (worn)
 A - a +0 cloak (worn)
 E - a +0 tower shield
 K - a +4 ring mail of poison resistance (worn)
 L - a +2 pair of boots of rampaging (worn)
 Q - a +1 kite shield of cold resistance (worn)
Jewellery
 v - a +4 ring of protection (right hand)
 H - an amulet of faith (around neck)
 N - a +4 ring of protection (left hand)
 P - a ring of flight
Wands
 a - a wand of light (7)
 B - a wand of polymorph (11)
 C - a wand of iceblast (13)
 M - a wand of mindburst (12)
 R - a wand of charming (12)
Scrolls
 e - 3 scrolls of teleportation
 f - 5 scrolls of noise {unknown}
 k - 3 scrolls of torment {unknown}
 l - a scroll of amnesia
 o - a scroll of brand weapon
 p - 3 scrolls of blinking
 r - 2 scrolls of summoning {unknown}
 t - 3 scrolls of butterflies {unknown}
 u - 3 scrolls of vulnerability {unknown}
 y - 3 scrolls of magic mapping {unknown}
 D - a scroll of immolation
 I - a scroll of enchant armour {unknown}
Potions
 b - a potion of mutation
 g - 4 potions of flight {unknown}
 i - a potion of curing
 m - a potion of resistance {unknown}
 n - 2 potions of invisibility
 s - a potion of magic
 w - a potion of attraction {unknown}
 x - 3 potions of lignification
 z - 2 potions of cancellation {unknown}
 F - 2 potions of brilliance {unknown}


   Skills:
 + Level 12.8 Fighting
 - Level 18.0 Axes
 + Level 3.1 Armour
 - Level 2.4 Dodging
 - Level 1.5 Stealth
 * Level 9.0 Shields
 + Level 11.5 Invocations


You had 11 spell levels left.
You didn't know any spells.
Your spell library contained the following spells:

 Spells                   Type           Power      Damage    Failure   Level
 Freeze                   Ice            0%         1d3       83%         1
 Cigotuvi's Dreadful Rot  Necr/Pois/Air  0%         N/A       92%         2
 Poisonous Vapours        Pois/Air       0%         N/A       92%         2
 Static Discharge         Conj/Air       0%         2-2/arc   92%         2
 Frozen Ramparts          Ice            0%         1d1       99%         3
 Ignite Poison            Fire/Tmut/Pois 0%         N/A       99%         3
 Mephitic Cloud           Conj/Pois/Air  0%         N/A       99%         3
 Vhi's Electric Charge    Tloc/Air       0%         N/A       99%         3
 Airstrike                Air            0%         2d(0-16)  100%        4
 Ice Form                 Ice/Tmut       0%         N/A       100%        4
 Leda's Liquefaction      Hex/Erth       0%         N/A       100%        4
 Summon Lightning Spire   Summ/Air       0%         N/A       100%        4
 Arcjolt                  Conj/Air       0%         1d10      100%        5
 Freezing Cloud           Conj/Ice/Air   0%         6-21      100%        5
 Lee's Rapid Deconstruct  Erth           0%         3d4*      100%        5
 Lightning Bolt           Conj/Air       0%         1d11      100%        5
 Statue Form              Tmut/Erth      0%         N/A       100%        6
 Dragon Form              Tmut           0%         N/A       100%        7
 Storm Form               Tmut/Air       0%         N/A       100%        7


Dungeon Overview and Level Annotations

Branches:
Dungeon (11/15)            Temple (1/1) D:5            Lair (0/5) D:9
  Sewer (visited)          Bailey (visited)           IceCv (1/1)
    Orc: D:9-12

Altars:
Ashenzari
Cheibriados
Dithmenos
Elyvilon
Fedhas
Gozag
Hepliaklqana
Kikubaaqudgha
Makhleb
Nemelex Xobeh
Okawaru
Qazlal
Ru
Sif Muna
Trog
Uskayaw
Vehumet
Wu Jian
Xom
Yredelemnul
Zin
The Shining One

Shops:
D:4 ?


Message History

You hit the reaper but do no damage.
The reaper is moderately wounded.
The reaper hits you with a +2 scythe of freezing.
You barely miss the reaper.
The reaper is moderately wounded.
The reaper hits you with a +2 scythe of freezing!
* * * LOW HITPOINT WARNING * * *
The reaper freezes you.
* * * LOW HITPOINT WARNING * * *
Throw: 2 throwing nets
Press: ? - help, Shift-Dir - straight line, f - reaper
Aim: a reaper, wielding a +2 scythe of freezing (moderately wounded, haloed, 82% to hit)
You throw a throwing net. The throwing net hits the reaper.
The reaper is caught in the net!
The reaper is moderately wounded.
The reaper draws a finger across its throat.
The reaper struggles against the net.
You slash the reaper!
The reaper is heavily wounded.
The reaper beckons to you.
The reaper struggles against the net.
You hit the reaper.
The reaper is heavily wounded.
The reaper struggles against the net.
You hit the reaper but do no damage.
The reaper is heavily wounded.
The reaper struggles against the net.
You hit the reaper.
The reaper is severely wounded.
You slash the reaper!
The reaper is almost dead.
The reaper struggles against the net.
The net rips apart, and the reaper comes free!
You hit the reaper.
The reaper is almost dead.
You block the reaper's attack.
You barely miss the reaper.
The reaper is almost dead.
The reaper hits you with a +2 scythe of freezing!!
You die...

#############
'.........'.#
#####'#####.#
#.#.#.#.#.#.##
#'#'#.#'#'#.8######
'.........#.......#
#.8.8.8.8.#.#####.#
..........#.#:.[#.##
..........'.#.⌠2@.⌠#
..........#.#)?[#.##
#.8.8.8.8.#.#####.#
'.........#.......#
#'#'#.#'#'#.8######
#.#.#.#.#.#.##
#####'#####.#
'.........'.#
#############


You could see a reaper.

Vanquished Creatures
  Josephine (D:10)
  A boulder beetle (D:9)
  A catoblepas (D:9)
  A centaur warrior (D:9)
  3 two-headed ogres (D:9)
  6 death yaks (D:9)
  Pikel (D:5)
  An orc knight (Bailey)
  An orc sorcerer (Bailey)
  A cyclops (D:9)
  2 ice statues (IceCv)
  Joseph (D:10)
  2 kobold demonologists
  2 anaconda simulacra (IceCv)
  A yaktaur (shapeshifter) (D:9)
  6 ice devils (IceCv)
  2 hornets
  Prince Ribbit (D:5)
  A slime creature (D:9)
  2 wyverns
  3 yaks (D:7)
  5 wraiths
  3 dire elephant simulacra (IceCv)
  A death yak simulacrum (IceCv)
  3 steam dragons
  4 harpy simulacra (IceCv)
  A hydra simulacrum (IceCv)
  Duvessa (D:7)
  2 water moccasins
  Pargi (Sewer)
  9 orc warriors (Bailey)
  A black bear (D:7)
  An ogre (D:6)
  2 boggarts (D:9)
  4 centaurs
  A lemure (D:5)
  5 kobold brigands
  2 bullfrogs
  3 necrophages
  2 scorpions
  A two-headed ogre simulacrum (IceCv)
  A cane toad simulacrum (IceCv)
  5 wights (D:7)
  Dowan (D:7)
  10 killer bees (D:10)
  4 electric eels (Bailey)
  5 howler monkeys
  A crimson imp (D:6)
  A gnoll bouda (D:7)
  2 hounds (D:7)
  3 iguanas (D:5)
  3 jellies
  3 orc priests
  5 orc wizards
  10 adders
  6 gnolls
  A naga simulacrum (IceCv)
  A shadow imp (D:7)
  15 white imps
  2 ufetubi
  2 worms
  4 dart slugs
  22 orcs
  3 bats
  11 endoplasms
  5 giant cockroaches
  11 goblins
  17 hobgoblins
  4 jackals (D:2)
  20 kobolds
  8 quokkas
  5 ball pythons
  5 frilled lizards
  5 rats
293 creatures vanquished.

Vanquished Creatures (others)
  A tengu warrior (D:9)
  A fungus (D:7)
  12 plants
14 creatures vanquished.

Grand Total: 307 creatures vanquished

Notes
Turn   | Place    | Note
-------+----------+-------------------------------------------
     0 | D:1      | Bnni the Hill Orc Monk began the quest for the Orb.
     0 | D:1      | Reached XP level 1. HP: 19/19 MP: 1/1
    47 | D:1      | Reached XP level 2. HP: 12/27 MP: 2/2
   279 | D:1      | Reached skill level 5 in Axes
   500 | D:1      | Reached XP level 3. HP: 33/33 MP: 3/3
   501 | D:1      | Got the Guidebook on Transformation
  1439 | D:2      | Reached XP level 4. HP: 41/41 MP: 4/4
  1631 | D:2      | Reached skill level 6 in Axes
  2454 | D:3      | Reached XP level 5. HP: 40/47 MP: 5/5
  2473 | D:3      | Found a glowing drain.
  2505 | Sewer    | Entered a sewer
  2534 | Sewer    | Noticed Pargi
  2558 | Sewer    | Killed Pargi
  2559 | Sewer    | Reached skill level 5 in Fighting
  2559 | Sewer    | Reached skill level 7 in Axes
  2559 | Sewer    | Reached XP level 6. HP: 13/56 MP: 6/6
  3659 | D:4      | Reached skill level 8 in Axes
  3680 | D:4      | Found Zoec's Magic Scroll Emporium.
  3718 | D:4      | Bought a scroll of blinking for 75 gold pieces
  3718 | D:4      | Bought a scroll of teleportation for 30 gold pieces
  3718 | D:4      | Bought a scroll of fear for 40 gold pieces
  3745 | D:4      | Reached XP level 7. HP: 54/63 MP: 7/7
  4271 | D:5      | Entered Level 5 of the Dungeon
  4274 | D:5      | Identified the +0 robe of the Catfish {Int+2}
  4671 | D:5      | Reached skill level 9 in Axes
  5067 | D:5      | Noticed Pikel
  5124 | D:5      | Killed Pikel
  5125 | D:5      | Reached skill level 10 in Axes
  5125 | D:5      | Reached XP level 8. HP: 31/73 MP: 8/8
  5390 | D:5      | Reached skill level 11 in Axes
  5506 | D:5      | Noticed Prince Ribbit
  5529 | D:5      | Killed Prince Ribbit
  5735 | D:5      | Found a staircase to the Ecumenical Temple.
  5747 | Temple   | Entered the Ecumenical Temple
  6022 | Temple   | Became a worshipper of the Shining One
  6022 | Temple   | Reached * piety under the Shining One
  6022 | Temple   | Reached ** piety under the Shining One
  6315 | D:6      | Reached skill level 12 in Axes
  6430 | D:6      | Found a shimmering altar of Xom.
  6430 | D:6      | Found a burning altar of Makhleb.
  6673 | D:6      | Reached XP level 9. HP: 43/82 MP: 9/9
  6695 | D:6      | Reached skill level 1 in Invocations
  7307 | D:6      | Found a bloodstained altar of Trog.
  7417 | D:7      | Reached skill level 13 in Axes
  7486 | D:7      | HP: 2/83 [yak (6)]
  8031 | D:7      | Reached skill level 14 in Axes
  8304 | D:7      | Noticed Duvessa
  8304 | D:7      | Noticed Dowan
  8311 | D:7      | Killed Dowan
  8312 | D:7      | Reached skill level 5 in Invocations
  8313 | D:7      | Killed Duvessa
  8314 | D:7      | Reached XP level 10. HP: 75/93 MP: 13/13
  8419 | D:7      | Found a shadowy altar of Dithmenos.
  8977 | D:7      | Found a hazy altar of Hepliaklqana.
  8981 | D:7      | Found a stormy altar of Qazlal.
  8986 | D:7      | Found an ancient bone altar of Kikubaaqudgha.
  9261 | D:8      | Paralysed by a hornet for 1 turns
  9264 | D:8      | Reached skill level 10 in Fighting
  9604 | D:8      | Found a flagged portal.
  9610 | Bailey   | Entered a bailey
  9836 | Bailey   | Reached skill level 15 in Axes
  9889 | Bailey   | Noticed an orc sorcerer
  9907 | Bailey   | Killed an orc sorcerer
 10090 | Bailey   | Acquired a +2 vorpal broad axe
 10284 | Bailey   | Found an iron altar of Okawaru.
 10284 | Bailey   | Noticed a kobold demonologist
 10284 | Bailey   | Reached *** piety under the Shining One
 10294 | Bailey   | Noticed an orange demon
 10295 | Bailey   | Killed a kobold demonologist
 10490 | Bailey   | Got the Precepts of Frostbite and Putrescence
 10806 | Bailey   | Noticed an orc knight
 10820 | Bailey   | Killed an orc knight
 10821 | Bailey   | Reached skill level 16 in Axes
 11034 | D:8      | Found a broken altar of Ashenzari.
 11526 | D:9      | Noticed a two-headed ogre
 11528 | D:9      | Noticed a centaur warrior
 11533 | D:9      | Noticed a tengu warrior
 11533 | D:9      | Noticed a catoblepas
 11538 | D:9      | Killed a centaur warrior
 11539 | D:9      | Reached XP level 11. HP: 58/102 MP: 16/16
 11565 | D:9      | Killed a tengu warrior
 11566 | D:9      | Noticed a two-headed ogre
 11572 | D:9      | Killed a catoblepas
 11574 | D:9      | Killed a two-headed ogre
 11816 | D:9      | Noticed a death yak
 11817 | D:9      | Noticed a death yak
 11818 | D:9      | Noticed a death yak
 11819 | D:9      | Noticed a death yak
 11820 | D:9      | Noticed a death yak
 11825 | D:9      | Killed a death yak
 11827 | D:9      | Noticed a death yak
 11833 | D:9      | HP: 1/102 [death yak (11)]
 12149 | D:9      | Killed a death yak
 12150 | D:9      | Reached skill level 17 in Axes
 12161 | D:9      | Killed a death yak
 12162 | D:9      | Reached skill level 5 in Shields
 12169 | D:9      | Killed a death yak
 12176 | D:9      | Killed a death yak
 12185 | D:9      | HP: 3/104 [death yak (19)]
 12186 | D:9      | Killed a death yak
 12524 | D:9      | Noticed a two-headed ogre
 12535 | D:9      | Killed a two-headed ogre
 12536 | D:9      | Reached XP level 12. HP: 98/112 MP: 18/18
 12656 | D:9      | Noticed a boulder beetle
 12683 | D:9      | Killed a boulder beetle
 12871 | D:9      | Found a staircase to the Lair.
 12967 | D:9      | Noticed a two-headed ogre
 12974 | D:9      | Killed a two-headed ogre
 13093 | D:9      | You fall into a shaft and drop 1 floor!
 13093 | D:10     | Entered Level 10 of the Dungeon
 13454 | D:9      | Reached skill level 10 in Invocations
 13856 | D:10     | Noticed a soul eater
 14078 | D:10     | Noticed Josephine
 14087 | D:10     | Killed Josephine
 14093 | D:10     | Reached skill level 18 in Axes
 14269 | D:10     | Noticed Joseph
 14280 | D:10     | Killed Joseph
 14618 | D:11     | Found a frozen archway.
 14618 | D:11     | Reached **** piety under the Shining One
 14627 | D:11     | Reached skill level 1 in Armour
 14670 | IceCv    | Entered an ice cave
 14691 | IceCv    | HP: 3/113 [ice devil (11)]
 14948 | IceCv    | Reached ***** piety under the Shining One
 15805 | IceCv    | Noticed a reaper
 15823 | IceCv    | Slain by a reaper

Illustrated notes

Levels and vault maps discovered:
D:1:      roderic_octagonal_star, layout_loops_corners
D:2:      layout_basic, nicolae_figureground_pulse
D:3:      layout_loops_corners, portal_sewer_entry_f
D:4:      layout_loops_ring, serial_shops, shop
D:5:      layout_loops_ring, minmay_temple_entry_enclosed_plants,
          serial_park_tiny_pond, uniq_pikel, uniq_prince_ribbit1
D:6:      layout_gridville, grunt_temple_overflow_champion_of_chaos,
          trog_hazing_becter
D:7:      layout_layer_cave, mainiacjoe_overflow_boulevard,
          grunt_temple_overflow_diamond, uniq_duvessa
D:8:      layout_cave_pools, nicolae_ashenzari_skybound, enter_bailey_3
D:9:      minmay_tri_box, layout_basic, dpeg_lair_monsters
D:10:     layout_irregular_city, uniq_josephine, uniq_joseph
D:11:     minmay_box_of_curves, layout_basic, orc_david_3,
          portal_ice_cave_entry_imps
Temple:   minmay_temple_curvy_branch
IceCv:    ice_cave_tombish

Skill      XL: |  1  2  3  4  5  6  7  8  9 10 11 12 |
---------------+-------------------------------------+-----
Fighting       | 4 5 6 7 8 9 11 12 | 12.8
Axes           | 5 6 7 8 10 12 14 16 17 18 | 18.0
Invocations    | 5 7 9 11 | 11.5
Shields        | 2 6 9 |  9.0
Armour         | 3 |  3.1
Dodging        | |  2.4
Stealth        | |  1.5

Action                   |  1- 3 |  4- 6 |  7- 9 | 10-12 || total
-------------------------+-------+-------+-------+-------++-------
Melee: Hand axe          |   104 |   221 |   340 |       ||   665
       Punch             |       |     1 |     3 |     5 ||     9
       War axe           |       |       |    16 |    91 ||   107
       Broad axe         |       |       |       |   402 ||   402
Throw: Dart              |       |       |    18 |     3 ||    21
       Throwing net      |       |       |       |     3 ||     3
Invok: Divine Shield     |       |       |     2 |     7 ||     9
       Cleansing Flame   |       |       |       |     1 ||     1
Evoke: Wand              |       |       |       |     2 ||     2
  Use: Scroll            |       |     7 |     2 |     5 ||    14
       Potion            |       |       |     4 |     5 ||     9
 Stab: Sleeping          |     1 |       |       |       ||     1
Armor: Leather armour    |    10 |       |       |       ||    10
       Robe              |     2 |       |       |       ||     2
       Chain mail        |    38 |   144 |   181 |    43 ||   406
       Ring mail         |     5 |       |       |   119 ||   124
Dodge: Dodged            |    71 |    65 |   123 |   116 ||   375
Block: Other             |       |       |    10 |    11 ||    21
       Kite shield       |       |       |       |    57 ||    57
       Tower shield      |       |       |       |    79 ||    79

Table legend: (Time is in decaauts)
 A = Elapsed time spent in this place.
 B = Non-inter-level travel time spent in this place.
 C = Inter-level travel time spent in this place.
 D = Time resting spent in this place.
 E = Time spent auto-exploring this place.
 F = Levels seen in this place.
 G = Mean time per level.
                   A        B        C        D        E       F      G
               +--------+--------+--------+--------+--------+-----+--------+
         Total |  15701 |  15304 |    397 |   2725 |  10055 |  15 | 1046.7 |
       Dungeon |  12547 |  12198 |    349 |   1169 |   9108 |  11 | 1140.6 |
        Temple |    300 |    252 |     48 |      0 |    247 |   1 |  300.0 |
         Sewer |    312 |    312 |      0 |    148 |    107 |   1 |  312.0 |
        Bailey |   1389 |   1389 |      0 |    596 |    476 |   1 | 1389.0 |
      Ice Cave |   1151 |   1151 |      0 |    812 |    116 |   1 | 1151.0 |
               +--------+--------+--------+--------+--------+-----+--------+

Top non-repeatable levels by time:
     D:7: 1830 daAuts
     D:9: 1746 daAuts
     D:5: 1545 daAuts
  Bailey: 1389 daAuts
     D:6: 1327 daAuts
     D:8: 1303 daAuts
     D:1: 1216 daAuts
     D:2: 1164 daAuts
   IceCv: 1151 daAuts
     D:3: 842 daAuts
    D:10: 754 daAuts
     D:4: 735 daAuts
   Sewer: 312 daAuts
  Temple: 300 daAuts
    D:11: 82 daAuts
